 Dungeon Crawl Stone Soup version 0.31-a0-236-g9a0961fb85 (webtiles) character file.

Game seed: 7600521860804962529

100 qw the Shooter (level 4, -6/36 HPs)
             Began as a Minotaur Hexslinger on July 10, 2023.
             Killed from afar by Ijyb (10 damage)
             ... with a puff of flame
             ... on level 3 of the Dungeon.
             The game lasted 00:00:47 (1343 turns).

qw the Shooter (Minotaur Hexslinger)                Turns: 1343, Time: 00:00:48

Health: -6/36      AC:  6    Str: 13    XL:     4   Next: 46%
Magic:  4/4        EV: 11    Int: 10    God:
Gold:   121        SH:  0    Dex: 14    Spells: 4/5 levels left

rFire   . . .        Y - +2 sling
rCold   . . .        (no shield)
rNeg    . . .        g - +0 ring mail
rPois   .            (helmet restricted)
rElec   .            a - +0 cloak
rCorr   .            (no gloves)
SInv    .            (no boots)
Will    .....        (no amulet)
Stlth   +            (no ring)
HPRegen 0.26/turn    (no ring)
MPRegen 0.09/turn

%: no passive effects
@: no status effects
A: horns 2, retaliatory headbutt
a: no special abilities


You were on level 3 of the Dungeon.
You visited 1 branch of the dungeon, and saw 3 of its levels.

You collected 121 gold pieces.


Innate Abilities, Weirdness & Mutations

You have a pair of horns on your head.
You reflexively headbutt those who attack you in melee.


   Skills:
 - Level 2.0 Fighting
 + Level 4.7 Ranged Weapons
 - Level 1.3 Armour
 - Level 2.1 Dodging
 - Level 1.0 Spellcasting
 - Level 2.0 Hexes


You had 4 spell levels left.
You knew the following spells:

 Your Spells              Type           Power      Damage    Failure   Level
a - Slow                  Hex            16%        N/A       32%         1

Your spell library contained the following spells:

 Spells                   Type           Power      Damage    Failure   Level
 Inner Flame              Hex/Fire       2%         N/A       82%         3
 Portal Projectile        Hex/Tloc       4%         N/A       82%         3
 Cause Fear               Hex            2%         N/A       97%         4

Inventory:

Hand Weapons
 Y - a +2 sling (weapon)
Armour
 a - a +0 cloak (worn)
 g - a +0 ring mail (worn)
Potions
 b - a potion of heal wounds {unknown}
 c - a potion of curing {unknown}
 f - a potion of brilliance {unknown}

Dungeon Overview and Level Annotations

Branches:
Dungeon (3/15)

Altars:

Annotations:
D:3 Ijyb


Message History

You shoot a sling bullet. The sling bullet barely misses Ijyb.
Ijyb hits you but does no damage. Ijyb completely misses you.
You furiously retaliate!
You headbutt Ijyb! You shoot a sling bullet.
The sling bullet barely misses Ijyb.
Ijyb zaps a wand.
The puff of flame hits you.
You shoot a sling bullet.
The sling bullet hits Ijyb but does no damage.
Ijyb is heavily wounded.
Ijyb hits you with a +0 dagger.
You shoot a sling bullet. The sling bullet barely misses Ijyb.
Ijyb barely misses you. Ijyb hits you with a +0 dagger.
You shoot a sling bullet. The sling bullet barely misses Ijyb.
Ijyb grins evilly.
Ijyb hits you with a +0 dagger.
You shoot a sling bullet. The sling bullet barely misses Ijyb.
Ijyb hits you but does no damage.
You shoot a sling bullet. The sling bullet hits Ijyb.
Ijyb is heavily wounded.
Ijyb zaps a wand.
The puff of flame hits you!
You shoot a sling bullet. The sling bullet hits Ijyb.
Ijyb is heavily wounded.
Ijyb hits you but does no damage. Ijyb misses you.
A frilled lizard comes into view.
You shoot a sling bullet. The frilled lizard hisses angrily.
The sling bullet hits Ijyb but does no damage.
Ijyb is heavily wounded.
Ijyb hits you with a +0 dagger.
You shoot a sling bullet. The sling bullet hits Ijyb.
Ijyb is severely wounded.
Ijyb zaps a wand.
The puff of flame hits you.
You shoot a sling bullet.
The sling bullet hits Ijyb but does no damage.
Ijyb is severely wounded.
Ijyb screams, "Get away!"
Ijyb hits you but does no damage. Ijyb barely misses you.
You shoot a sling bullet. The sling bullet closely misses Ijyb.
The sling bullet barely misses the frilled lizard.
Ijyb zaps a wand.
The puff of flame hits you!
You die...

.###.# .# #.#
#. ### .# #.#
#.. (.. >.##.##
#.. ... #.....#
#.. ....
###.#.####
#.##?. #.#....#
#.... #.####.##
#..# #. #..#
##^@# #.
##.####..g# ##
#...#..#l#
#.....##...##.#
#####. #..###.#
..........#
........#...
.............#
####....#.##..#


You could see Ijyb and a frilled lizard.

Vanquished Creatures
  Natasha (D:2)
  2 adders (D:2)
  A worm (D:2)
  A dart slug (D:2)
  3 bats
  4 endoplasms
  4 giant cockroaches
  8 goblins
  3 hobgoblins
  6 kobolds
  2 quokkas (D:1)
  7 ball pythons
  4 frilled lizards
  8 rats
54 creatures vanquished.

Notes
Turn   | Place    | Note
-------+----------+-------------------------------------------
     0 | D:1      | qw the Minotaur Hexslinger began the quest for the Orb.
     0 | D:1      | Reached XP level 1. HP: 16/16 MP: 1/1
     0 | D:1      | 0 ||| qw: Version: 0.3-a-52-g30416fa
     0 | D:1      | 0 ||| qw: Game counter: 4777
     0 | D:1      | 0 ||| qw: Melee chars always use a shield: true
     0 | D:1      | 0 ||| qw: God list: Okawaru
     0 | D:1      | 0 ||| qw: Allow faded altars: false
     0 | D:1      | 0 ||| qw: Do Orc after clearing Dungeon:15 true
     0 | D:1      | 0 ||| qw: Do second Lair branch before Depths: true
     0 | D:1      | 0 ||| qw: Lair rune preference: random
     0 | D:1      | 0 ||| qw: Goals: Normal
     0 | D:1      | 0 ||| PLANNING D:1-11
    69 | D:1      | 69 ||| FLEEEEING.
    71 | D:1      | 71 ||| FLEEEEING.
    72 | D:1      | 72 ||| FLEEEEING.
    73 | D:1      | 73 ||| FLEEEEING.
   113 | D:1      | Found a faded altar of an unknown god.
   161 | D:1      | Reached skill level 3 in Ranged Weapons
   163 | D:1      | Reached XP level 2. HP: 20/23 MP: 2/2
   501 | D:1      | Reached XP level 3. HP: 27/29 MP: 3/3
   546 | D:1      | 546 ||| UPGRADING to +0 leather armour.
   556 | D:1      | 556 ||| DROPPING +0 robe.
   557 | D:1      | 557 ||| UPGRADING to +0 ring mail.
   567 | D:1      | 567 ||| DROPPING +0 leather armour.
   568 | D:1      | 568 ||| READING scroll labelled GUPABE VAQO.
   571 | D:1      | 571 ||| DROPPING scroll of poison.
   613 | D:2      | 613 ||| FLEEEEING.
   656 | D:2      | HP: 4/29 [adder (4)]
   658 | D:2      | Reached skill level 4 in Ranged Weapons
   658 | D:2      | HP: 1/29 [poisoned by an adder]
   840 | D:2      | Reached skill level 1 in Armour
  1118 | D:2      | 1118 ||| UPGRADING to +0 cloak.
  1123 | D:2      | 1123 ||| READING scroll labelled PIVEOMOFFA.
  1124 | D:2      | 1124 ||| READING scroll labelled IGGURRUPETA.
  1125 | D:2      | 1125 ||| READING scroll labelled MENEKL MOFOAD.
  1126 | D:2      | 1126 ||| DRINKING 2 fizzy orange potions.
  1134 | D:2      | 1134 ||| DROPPING potion of ambrosia.
  1137 | D:3      | Noticed Natasha
  1138 | D:3      | 1138 ||| PLANNING SEWER
  1141 | D:3      | 1141 ||| STAIRDANCE
  1144 | D:2      | Killed Natasha
  1145 | D:2      | Reached XP level 4. HP: 25/36 MP: 4/4
  1191 | D:3      | 1191 ||| STAIRDANCE
  1210 | D:3      | 1210 ||| STAIRDANCE
  1322 | D:3      | Noticed Ijyb
  1338 | D:3      | HP: 5/36 [Ijyb/puff of flame (7)]
  1343 | D:3      | Killed from afar by Ijyb

Levels and vault maps discovered:
D:1:      minmay_arrival_three_doors, layout_rooms,
          shapermc_ecumenical_altar_notcrosses, minmay_misc_feat_iff
D:2:      layout_rooms
D:3:      layout_rooms, portal_sewer_entry_e, st_stairs_10, uniq_natasha,
          uniq_ijyb, uniq_crazy_yiuf_cottage

Skill      XL: |  1  2  3 |
---------------+----------+-----
Ranged Weapons | 3 4 |  4.7
Fighting       | 2 |  2.0
Armour         | 1 |  1.3
Dodging        | |  2.1
Spellcasting   | |  1.0
Hexes          | |  2.0

Action                     |  1- 3 |  4- 6 || total
---------------------------+-------+-------++-------
   Fire: Sling             |   133 |    39 ||   172
    Use: Scroll            |     4 |       ||     4
         Potion            |     1 |       ||     1
 Armour: Robe              |    12 |       ||    12
         Ring mail         |    20 |    12 ||    32
  Dodge: Dodged            |    35 |    16 ||    51

Table legend:
 A = Non-vault XP
 B = Vault XP
 C = Vault XP percentage of total XP
 D = Non-vault monster count
 E = Vault monster count
 F = Vault count percentage of total count
                 A         B        C        D         E       F
            +---------+---------+-------+---------+---------+-------
      Total |     110 |      33 |  23.1 |      53 |       1 |   1.9
            +---------+---------+-------+---------+---------+-------
        D:1 |      43 |       0 |   0.0 |      29 |       0 |   0.0
        D:2 |      60 |      33 |  35.5 |      20 |       1 |   4.8
        D:3 |       7 |       0 |   0.0 |       4 |       0 |   0.0
            +---------+---------+-------+---------+---------+-------
